 Dungeon Crawl Stone Soup version 0.28-a0-1190-g77e1c55843 (webtiles) character file.

Game seed: 13929346637941069524

107 ChaosChampion the Ruffian (level 4, -2/37 HPs)
             Began as a Draconian Transmuter on Dec 18, 2021.
             Killed from afar by Sigmund (10 damage)
             ... with a magic dart
             ... on level 3 of the Dungeon.
             The game lasted 00:02:49 (2188 turns).

ChaosChampion the Ruffian (Draconian Transmuter)    Turns: 2188, Time: 00:02:50

Health: -2/37      AC:  6    Str: 12    XL:     4   Next: 57%
Magic:  7/8        EV: 12    Int: 16    God:
Gold:   93         SH:  0    Dex: 11    Spells: 5/8 levels left

rFire   . . .      SeeInvis .   e - staff of poison
rCold   + . .      Faith    .   (no shield)
rNeg    . . .      Spirit   .   (armour unavailable)
rPois   +          Reflect  .   (helmet currently unavailable)
rElec   .          Harm     .   l - +0 cloak
rCorr   .          Rampage  .   (no gloves)
Will    .....                   (boots currently unavailable)
Stlth   +.........              (no amulet)
HPRegen 0.12/turn               m - ring of protection from cold
MPRegen 0.11/turn               (no ring)

@: appendages (expiring), wereblooded (expiring)
A: horns 2, talons 2, AC +5, unfitting armour, cold-blooded
a: End Transformation


You were on level 3 of the Dungeon.
You had temporarily grown beastly horns and talons.
You visited 1 branch of the dungeon, and saw 3 of its levels.

You collected 93 gold pieces.

Inventory:

Armour
 b - a +0 pair of boots (melded)
 l - a +0 cloak (worn)
Magical Staves
 e - a staff of poison (weapon)
Jewellery
 m - a ring of protection from cold (left hand)
Wands
 k - a wand of digging (7)
Scrolls
 c - 2 scrolls of teleportation {unknown}
 d - a scroll of amnesia {unknown}
 f - a scroll of enchant armour {unknown}
 i - a scroll of immolation {unknown}
Potions
 a - a potion of heal wounds {unknown}
 g - a potion of berserk rage {unknown}
 h - a potion of might {unknown}
 j - a potion of curing {unknown}


   Skills:
 + Level 2.5 Fighting
 - Level 1.7 Dodging
 + Level 3.7 Unarmed Combat
 + Level 2.8 Spellcasting
 + Level 3.0 Transmutations


You had 5 spell levels left.
You knew the following spells:

 Your Spells              Type           Power      Damage    Failure   Level
a - Beastly Appendage     Tmut           22%        N/A       5%          1
b - Wereblood             Tmut           11%        N/A       9%          2

Your spell library contained the following spells:

 Spells                   Type           Power      Damage    Failure   Level
 Spider Form              Tmut/Pois      10%        N/A       30%         3
 Dazzling Flash           Conj/Hex       4%         N/A       50%         3
 Ice Form                 Ice/Tmut       7%         N/A       71%         4
 Agony                    Necr           2%         N/A       99%         5
 Silence                  Hex/Air        1%         N/A       99%         5


Dungeon Overview and Level Annotations

Branches:
Dungeon (3/15)

Altars:

Annotations:
D:3 Sigmund


Innate Abilities, Weirdness & Mutations

You have temporarily grown beastly horns and talons.
Your plain brown scales are hard. (AC +5)
You cannot fit into any form of body armour.
You are cold-blooded and may be slowed by cold attacks.


Message History

You barely miss Sigmund. You headbutt Sigmund!
Sigmund is moderately wounded.
You howl as the wereblood boils in your veins!
Sigmund points at you and mumbles some strange words.
The magic dart hits you.
You hit Sigmund. Your kick misses Sigmund. You headbutt Sigmund.
You tail-slap Sigmund.
Sigmund is severely wounded.
Sigmund gestures wildly while chanting.
Sigmund flickers and vanishes!
Deactivating autopickup; reactivate with Ctrl-A.
No target in view!
You barely miss something. Something hits you!
You hit something. Something hits you.
You miss something.
You howl as the wereblood boils in your veins!
Something hits you but does no damage.
You miss something. Something hits you.
* * * LOW HITPOINT WARNING * * *
You barely miss something. Your kick misses something.
You howl as the wereblood boils in your veins!
Your transformation is almost over.
You closely miss something. Your kick misses something. You headbutt something.
You hear some strange, mumbled words.
Something tries to affect you, but you resist.
You hit something but do no damage.
Your primal bloodlust is almost over.
Something barely misses you.
You hit something. You claw something.
You howl as the wereblood boils in your veins!
You hear some strange, mumbled words.
A puff of flame appears from out of thin air!
The puff of flame misses you.
You closely miss something. Something hits you but does no damage.
You hit something but do no damage. Something hits you but does no damage.
You miss something. Your headbutt misses something.
You hear some strange, mumbled words.
A magic dart appears from out of thin air!
The magic dart hits you!
You die...

#+ #. #.# ##.##
##...### #......
#.>..# ## #.#.#
##.
#...###.#@#.....
#.....{...#
#...###.#.### #
#.#.# #.#..
##########.####
##....[.....#
##...######..#
##.#.#........#


There were no monsters in sight!

Vanquished Creatures
  Crazy Yiuf (D:2)
  3 adders (D:2)
  A worm (D:2)
  2 dart slugs (D:2)
  An orc (D:3)
  A ball python (D:1)
  2 bats (D:2)
  An endoplasm (D:1)
  3 giant cockroaches
  5 goblins
  4 hobgoblins
  4 jackals (D:1)
  5 kobolds
  2 quokkas (D:1)
  2 frilled lizards (D:1)
  4 rats
41 creatures vanquished.

Notes
Turn   | Place    | Note
-------+----------+-------------------------------------------
     0 | D:1      | ChaosChampion the Draconian Transmuter began the quest for
                  | the Orb.
     0 | D:1      | Reached XP level 1. HP: 16/16 MP: 3/3
   280 | D:1      | Reached XP level 2. HP: 23/23 MP: 5/5
   283 | D:1      | Learned a level 2 spell: Wereblood
   563 | D:1      | Reached XP level 3. HP: 29/29 MP: 2/6
   703 | D:1      | You fall into a shaft and drop 1 floor!
   892 | D:2      | Found a runed translucent door.
   893 | D:2      | Noticed Crazy Yiuf
  1640 | D:2      | Reached XP level 4. HP: 35/36 MP: 5/7
  1917 | D:2      | Killed Crazy Yiuf
  2165 | D:3      | Noticed Sigmund
  2188 | D:3      | Killed from afar by Sigmund

Illustrated notes

Levels and vault maps discovered:
D:1:      dpeg_arrival_boxes_within_box, layout_basic
D:2:      layout_loops_corners, nrook_campfire, uniq_crazy_yiuf_cottage
D:3:      layout_loops_corners, mainiacjoe_overflow_swirl, uniq_sigmund,
          uniq_robin

Skill      XL: |  1  2  3  4 |
---------------+-------------+-----
Fighting       | 2 |  2.5
Transmutations | 3 |  3.0
Dodging        | |  1.7
Unarmed Combat | |  3.7
Spellcasting   | |  2.8

Action                   |  1- 3 |  4- 6 || total
-------------------------+-------+-------++-------
Melee: Unarmed           |    84 |       ||    84
       Tailslap          |    10 |     3 ||    13
       Kick              |    14 |     4 ||    18
       Headbutt          |     7 |     6 ||    13
       Punch             |     1 |     1 ||     2
       Staff             |    15 |    26 ||    41
 Cast: Beastly Appendage |    17 |     2 ||    19
       Wereblood         |     7 |     1 ||     8
 Stab: Sleeping          |     1 |       ||     1
Armor: Skin              |    33 |     5 ||    38
Dodge: Dodged            |    59 |    15 ||    74

Table legend: (Time is in decaauts)
 A = Elapsed time spent in this place.
 B = Non-inter-level travel time spent in this place.
 C = Inter-level travel time spent in this place.
 D = Time resting spent in this place.
 E = Time spent auto-exploring this place.
 F = Levels seen in this place.
 G = Mean time per level.
                   A        B        C        D        E       F      G
               +--------+--------+--------+--------+--------+-----+--------+
         Total |   2190 |   2139 |     51 |      0 |   1808 |   3 |  730.0 |
       Dungeon |   2190 |   2139 |     51 |      0 |   1808 |   3 |  730.0 |
               +--------+--------+--------+--------+--------+-----+--------+

Top non-repeatable levels by time:
     D:2: 1418 daAuts
     D:1: 701 daAuts
     D:3: 70 daAuts
